 Dungeon Crawl Stone Soup version 0.30-b1-2-g02819fbbbe (webtiles) character file.

Game seed: 3079520634793419176

47 MisterFreud the Ducker (level 3, 0/25 HPs)
             Began as a Felid Berserker on Aug 4, 2023.
             Was a Believer of Trog.
             Slain by an orc
             ... wielding a +0 flail
              (1 damage)
             ... on level 2 of the Dungeon.
             The game lasted 00:01:24 (1307 turns).

MisterFreud the Ducker (Felid Berserker)            Turns: 1307, Time: 00:01:25

Health: 0/25       AC:  1    Str: 13    XL:     3   Next: 48%
Magic:  4/4        EV: 18    Int:  8    God:    Trog [**....]
Gold:   47         SH:  0    Dex: 17    Spells: 2/2 levels left
                                        Lives:  0   Deaths: 0

rFire   . .          .
                       - Unarmed
rCold   . . .        (shield unavailable)
rNeg    . . .        (body armour unavailable)
rPois   .            (helmet unavailable)
rElec   .            (cloak unavailable)
rCorr   .            (gloves unavailable)
SInv    +            (boots unavailable)
Will    .....        (no amulet) Stlth
                     (no ring)
HPRegen 0.24/turn    (no ring)
MPRegen 0.09/turn

%: no passive effects
@: berserking (expiring), very quick
A: very small, claws 1, fangs 3, see invisible, speed 1, shaggy fur 1, stealthy
paws, no weapons or thrown items, no armour, multi-lived
a: Renounce Religion, Berserk, Trog's Hand


You were on level 2 of the Dungeon.
You worshipped Trog.
Trog was pleased with you.
You visited 1 branch of the dungeon, and saw 2 of its levels.

You collected 47 gold pieces.

Inventory:

Jewellery
 f - a ring of flight
Scrolls
 a - 3 scrolls of identify
 c - a scroll of butterflies {unknown}
 g - a scroll of noise {unknown}
Potions
 b - a potion of berserk rage
 d - a potion of curing
 e - a potion of heal wounds


   Skills:
 - Level 3.0 Fighting
 - Level 4.0 Dodging
 + Level 3.2 Stealth
 + Level 3.8 Unarmed Combat


You had 2 spell levels left.
You didn't know any spells.
Your spell library was empty.

Dungeon Overview and Level Annotations

Branches:
Dungeon (2/15)

Altars:


Innate Abilities, Weirdness & Mutations

You have sharp claws.
You have razor-sharp teeth.
You have supernaturally acute eyesight. (SInv)
You cover ground quickly. (Speed+)
You are covered in fur. (AC +1)
Your paws help you pounce on unaware monsters.
You are incapable of wielding weapons or throwing items.
You cannot wear armour.
You gain extra lives every three experience levels.


Message History

You scratch the bat.
You kill the bat!
Trog accepts your kill.
No target in view!
An orc is nearby!
The orc hits you with a +0 short sword.
An orc is nearby!
You miss the orc. The orc hits you but does no damage.
An orc is nearby!
You scratch the orc but do no damage. Your claw misses the orc.
An orc is nearby!
You claw the orc!
You kill the orc!
Trog accepts your kill.
Key pressed, stopping explore.
No target in view!
Key pressed, stopping explore.
No target in view!
An orc is nearby!
An orc is nearby!
Items here: ! ) = [.
The orc shouts! x2
The orc hits you with a +0 hand axe!
There are monsters nearby!
You barely miss the orc. The orc hits you with a +0 hand axe.
* * * LOW HITPOINT WARNING * * *
There are monsters nearby!
You are too injured to fight recklessly!
There are monsters nearby!
You are too injured to fight recklessly!
A red film seems to cover your vision as you go berserk!
You feel yourself moving faster!
You feel mighty! The orc hits you with a +0 hand axe!
* * * LOW HITPOINT WARNING * * *
You claw the orc!
You kill the orc!
Trog accepts your kill.
You feel a strong urge to attack something.
The orc hits you with a +0 flail.
You die...

..........###.###############.#
#.###.###.# #.# #.# ... #.# #.#
#######.# #.# .#.###.#
#.......# ... .....#.######
#<####### ..#
.###..).....####.# #.
..............##.#
#.##.#...)..#.##.# #
#.#.@##..#.##.# #.#.o##...# ..#
# #...##.#.#### ..#.# .# # .#.
.# .> #... .. ... . .. .. ....
##### ###..... #...##


You could see an orc.

Vanquished Creatures
  2 dart slugs
  3 orcs (D:2)
  5 bats
  An endoplasm (D:2)
  2 giant cockroaches (D:1)
  5 hobgoblins
  3 jackals (D:2)
  3 quokkas
  5 ball pythons
  A frilled lizard (D:2)
  3 goblins
  2 rats (D:1)
35 creatures vanquished.

Notes
Turn   | Place    | Note
-------+----------+-------------------------------------------
     0 | D:1      | MisterFreud the Felid Berserker began the quest for the
                  | Orb.
     0 | D:1      | Reached XP level 1. HP: 10/10 MP: 2/2
    40 | D:1      | Reached skill level 1 in Stealth
    96 | D:1      | Reached XP level 2. HP: 8/14 MP: 3/3
   448 | D:1      | Found a faded altar of an unknown god.
  1056 | D:2      | Reached XP level 3. HP: 17/17 MP: 4/4
  1159 | D:2      | Reached ** piety under Trog
  1304 | D:2      | HP: 1/25 [orc/+0 hand axe (7)]
  1307 | D:2      | Slain by an orc

Illustrated notes

Levels and vault maps discovered:
D:1:      wheals_arrival_linesprint, layout_basic,
          hellmonk_ecumenical_altar_leap_of_faith,
          amcnicky_mini_rare_corridor_liquid
D:2:      wander_river, layout_loops_ring

Skill      XL: |  1  2  3 |
---------------+----------+-----
Stealth        | 1 2 3 |  3.2
Fighting       | |  3.0
Dodging        | |  4.0
Unarmed Combat | |  3.8

Action                     || total
---------------------------++-------
  Melee: Unarmed           ||    84
         Bite              ||     9
         Punch             ||     3
 Invoke: Berserk           ||     1
    Use: Scroll            ||     4
   Stab: Sleeping          ||     8
 Armour: Skin              ||     5
  Dodge: Dodged            ||    61
